 Dungeon Crawl Stone Soup version 0.29-a0-294-g83ea962da3 (webtiles) character file.

Game seed: 16441624406126753149

17609 Dabor the Covert (level 12, -5/70 HPs)
             Began as a Kobold Enchanter on Mar 18, 2022.
             Was an Elder of Dithmenos.
             Slain by a boulder beetle (22 damage)
             ... on level 12 of the Dungeon.
             The game lasted 00:37:58 (16078 turns).

Dabor the Covert (Kobold Enchanter)                Turns: 16078, Time: 00:37:59

Health: -5/70      AC:  9    Str: 10    XL:     12   Next: 84%
Magic:  8/33       EV: 19    Int: 25    God:    Dithmenos [****..]
Gold:   1521       SH:  6    Dex: 20    Spells: 22/28 levels left

rFire   + + .      SeeInvis .   d - +2 short sword (venom)
rCold   + . .      Faith    .   N - +1 buckler {rF+}
rNeg    . . .      Spirit   .   p - +0 steam dragon scales
rPois   .          Reflect  .   m - +1 hat
rElec   .          Harm     .   B - +0 cloak
rCorr   .          Rampage  .   k - +1 pair of gloves of the Cobbler {Str+5 Int+4}
Will    .....                   (no boots)
Stlth   ++++++++++              w - amulet of regeneration
HPRegen 1.01/turn               j - ring of Jealousy {rF+ rC+ Int+4}
MPRegen 0.23/turn               o - ring of magical power

@: hasted, wreathed by umbra, very quick
A: small, no large weapons, nightstalker 3
a: Renounce Religion, Shadow Step


You were on level 12 of the Dungeon.
You worshipped Dithmenos.
Dithmenos was greatly pleased with you.
You visited 2 branches of the dungeon, and saw 13 of its levels.
You also visited: Sewer and Bailey.

You collected 1671 gold pieces.
You spent 150 gold pieces at shops.

Inventory:

Hand Weapons
 d - a +2 short sword of venom (weapon)
Missiles
 A - 4 throwing nets
Armour
 k - the +1 pair of gloves of the Cobbler (worn) {Str+5 Int+4}
   (You acquired it on level 1 of the Dungeon)

   Str:       It affects your strength (+5).
   Int:       It affects your intelligence (+4).
 l - a +1 chain mail of cold resistance
 m - a +1 hat (worn)
 p - +0 steam dragon scales (worn)
 B - a +0 cloak (worn)
 N - a +1 buckler of fire resistance (worn)
Jewellery
 a - an amulet of magic regeneration
 b - a ring of see invisible
 j - the ring of Jealousy (left hand) {rF+ rC+ Int+4}
   (You acquired it on level 1 of the Dungeon)

   [ring of protection from fire]

   Int:       It affects your intelligence (+4).
   rF:        It protects you from fire.
   rC:        It protects you from cold.
 o - a ring of magical power (right hand)
 w - an amulet of regeneration (around neck)
 D - a +4 ring of evasion
 K - a +6 ring of dexterity
Wands
 u - a wand of mindburst (12)
 y - a wand of iceblast (16)
 F - a wand of flame (16)
Scrolls
 g - 5 scrolls of amnesia
 h - 5 scrolls of teleportation
 i - 3 scrolls of fear
 n - 5 scrolls of fog
 q - a scroll of torment {unknown}
 s - a scroll of enchant armour {unknown}
 v - 2 scrolls of blinking {unknown}
 x - 2 scrolls of enchant weapon {unknown}
 E - a scroll of magic mapping
 I - 3 scrolls of identify
Potions
 c - 4 potions of invisibility
 e - 8 potions of heal wounds {unknown}
 f - a potion of haste
 r - 5 potions of flight
 t - a potion of cancellation {unknown}
 z - 2 potions of curing {unknown}
 C - 2 potions of attraction {unknown}
 G - 5 potions of mutation {unknown}
 H - 2 potions of berserk rage {unknown}
 J - a potion of ambrosia {unknown}
 L - a potion of magic {unknown}
 M - a potion of might {unknown}


   Skills:
 + Level 6.2 Fighting
 * Level 11.1 Short Blades
 + Level 8.0 Dodging
 * Level 12.5 Stealth
 + Level 0.0 Shields
 * Level 8.8 Spellcasting
 * Level 9.1 Hexes
 - Level 5.7 Ice Magic
 + Level 3.1 Invocations
 + Level 3.5 Evocations


You had 22 spell levels left.
You knew the following spells:

 Your Spells              Type           Power      Damage    Failure   Level
a - Ensorcelled Hibernat  Hex/Ice        96%        N/A       1%          2
b - Tukima's Dance        Hex            54%        N/A       1%          3
c - Apportation           Tloc           22%        N/A       9%          1

Your spell library contained the following spells:

 Spells                   Type           Power      Damage    Failure   Level
 Confusing Touch          Hex            54%        N/A       1%          3
 Dazzling Flash           Conj/Hex       66%        N/A       4%          3
 Portal Projectile        Hex/Tloc       66%        N/A       4%          3
 Animate Skeleton         Necr           22%        N/A       9%          1
 Sting                    Tmut/Pois      44%        1d5       9%          1
 Summon Small Mammal      Summ           44%        N/A       9%          1
 Poisonous Vapours        Pois/Air       22%        N/A       13%         2
 Searing Ray              Conj           22%        2d5       13%         2
 Anguish                  Hex/Necr       16%        N/A       13%         4
 Spider Form              Tmut/Pois      11%        N/A       26%         3
 Yara's Violent Unravell  Hex/Tmut       16%        3d8       36%         5
 Olgreb's Toxic Radiance  Pois           11%        N/A       65%         4
 Freezing Cloud           Conj/Ice/Air   10%        6-21      73%         5
 Manifold Assault         Tloc           11%        N/A       94%         5
 Eringya's Noxious Bog    Tmut/Pois      5%         N/A       100%        6


Dungeon Overview and Level Annotations

Branches:
Dungeon (12/15)            Temple (1/1) D:7            Lair (0/6) D:8
    Orc (0/2) D:9           Sewer (visited)          Bailey (visited)

Altars:
Ashenzari
Cheibriados
Dithmenos
Elyvilon
Fedhas
Gozag
Hepliaklqana
Kikubaaqudgha
Makhleb
Nemelex Xobeh
Okawaru
Qazlal
Ru
Sif Muna
Trog
Uskayaw
Vehumet
Wu Jian
Xom
Yredelemnul
Zin
The Shining One

Shops:
D:9 =   D:11 (   D:12 [


Innate Abilities, Weirdness & Mutations

You are small and have problems with some larger weapons.
You are completely attuned to the shadows.


Message History

Press: ? - help, Q - select action, (/) - cycle Shift-Dir - straight line, f/p - boulder beetle
Aim: a boulder beetle (umbra, chance to affect: 53%)
The boulder beetle resists with some effort.
The boulder beetle closely misses you. The slime creature hits you!
Aiming: Ensorcelled Hibernation (safe; 1% risk of failure)
Press: ? - help, Q - select action, (/) - cycle Shift-Dir - straight line, f/p - boulder beetle
Aim: a boulder beetle (umbra, chance to affect: 53%)
The boulder beetle resists with some effort.
The boulder beetle closely misses you. You block the slime creature's attack.
Aiming: Ensorcelled Hibernation (safe; 1% risk of failure)
Press: ? - help, Q - select action, (/) - cycle Shift-Dir - straight line, f/p - boulder beetle
Aim: a boulder beetle (umbra, chance to affect: 53%)
The boulder beetle resists with some effort.
The slime creature barely misses you.
The boulder beetle bites you but does no damage.
Aiming: Ensorcelled Hibernation (safe; 1% risk of failure)
Press: ? - help, Q - select action, (/) - cycle Shift-Dir - straight line, f/p - boulder beetle
Aim: a boulder beetle (umbra, chance to affect: 53%)
The boulder beetle resists with some effort.
The boulder beetle leaps!
The slime creature hits you.
Aiming: Ensorcelled Hibernation (safe; 1% risk of failure)
Press: ? - help, Q - select action, (/) - cycle Shift-Dir - straight line, f - slime creature, p - boulder beetle
Aim: a slime creature (umbra, chance to affect: 53%)
The slime creature resists with some effort.
Your shadow mimicks your spell!
The slime creature easily resists.
The slime creature hits you.
Aiming: Ensorcelled Hibernation (safe; 1% risk of failure)
Press: ? - help, Q - select action, (/) - cycle Shift-Dir - straight line, f/p - slime creature
Aim: a slime creature (umbra, chance to affect: 53%)
The slime creature resists with some effort.
The slime creature hits you!
* * * LOW HITPOINT WARNING * * *
Aiming: Ensorcelled Hibernation (safe; 1% risk of failure)
Press: ? - help, Q - select action, (/) - cycle Shift-Dir - straight line, f/p - slime creature
Aim: a slime creature (umbra, chance to affect: 53%)
The slime creature looks drowsy...
It was a potion of haste.
You feel yourself speed up. The boulder beetle bites you!!
You die...

.#....... .....J...
#..|...... #.........
#........ #........
####JB## ####+#####
##@######## #........#
#.........# #........#
#.........# #........#
#.^.......# #........#
#....<....# #.$......#
#.........#####
#........#
####.............##
#........#
#............###..####
'........###.##.........#
##.....


You could see a boulder beetle and a slime creature (asleep).

Vanquished Creatures
  5 two-headed ogres
  Amaemon (D:12)
  Pikel (D:4)
  An ugly thing (D:11)
  A cyclops (D:11)
  An orange demon (D:12)
  A gargoyle (Bailey)
  An unseen horror (D:12)
  A komodo dragon (D:8)
  5 yaktaurs (D:12)
  A kobold demonologist (D:6)
  5 trolls
  A slime creature (D:12)
  A vampire (Bailey)
  A shadow (D:11)
  2 wyverns
  A wraith (D:11)
  10 yaks
  A steam dragon (D:4)
  2 vampire mosquitoes (D:12)
  Menkaure (D:7)
  Edmund (D:4)
  A warg (D:9)
  2 water moccasins
  2 black bears (D:6)
  2 sky beasts (D:6)
  3 orc warriors
  2 ice beasts
  6 centaurs
  2 ogres
  2 phantoms
  A lemure (D:5)
  Blork the orc (D:6)
  3 kobold brigands
  2 necrophages
  3 bullfrogs
  4 scorpions
  A gnoll sergeant (D:9)
  10 wights
  14 killer bees
  2 howler monkeys
  7 vampire bats (Bailey)
  6 wolf zombies (Bailey)
  Crazy Yiuf (D:6)
  5 hounds
  6 orc priests
  3 jellies
  4 gnoll shamans
  Terence (D:3)
  Natasha (twice) (D:3)
  2 iguanas
  10 orc wizards
  2 human simulacra (D:11)
  A mummy (D:6)
  Robin (D:1)
  25 gnolls
  7 river rats
  21 adders
  2 white imps (D:5)
  3 ufetubi
  5 worms
  3 dart slugs (D:1)
  33 orcs
  5 ball pythons
  5 bats
  9 endoplasms
  13 giant cockroaches
  18 goblins
  11 hobgoblins
  5 jackals
  20 kobolds
  6 quokkas
  7 frilled lizards
  2 hobgoblin zombies (D:6)
  A kobold zombie (D:6)
  21 orc zombies
  5 rats
386 creatures vanquished.

Vanquished Creatures (others)
  3 fungi (D:6)
  29 plants (D:8)
32 creatures vanquished.

Grand Total: 418 creatures vanquished

Notes
Turn   | Place    | Note
-------+----------+-------------------------------------------
     0 | D:1      | Dabor the Kobold Enchanter began the quest for the Orb.
     0 | D:1      | Reached XP level 1. HP: 10/10 MP: 3/3
   274 | D:1      | Found a faded altar of an unknown god.
   342 | D:1      | Reached XP level 2. HP: 15/15 MP: 5/5
   423 | D:1      | Learned a level 2 spell: Ensorcelled Hibernation
   440 | D:1      | Reached XP level 3. HP: 17/19 MP: 1/6
   921 | D:1      | Identified 3 scrolls of acquirement
   921 | D:1      | Acquired the ring of Jealousy {rF+ rC+ Int+4}
   923 | D:1      | Acquired the +1 pair of gloves of the Cobbler {Str+5 Int+4}
   929 | D:1      | Acquired 840 gold pieces
   939 | D:2      | Noticed Robin
   944 | D:1      | Killed Robin
  1278 | D:2      | Reached XP level 4. HP: 24/24 MP: 3/8
  1615 | D:2      | Reached skill level 1 in Fighting
  1829 | D:2      | Reached XP level 5. HP: 19/29 MP: 9/9
  2557 | D:3      | Noticed Natasha
  2561 | D:3      | Killed Natasha
  2614 | D:3      | Noticed Terence
  2621 | D:3      | Killed Terence
  2622 | D:3      | Reached skill level 5 in Stealth
  2775 | D:3      | Found a burning altar of Makhleb.
  2894 | D:3      | Noticed Natasha
  2910 | D:3      | Killed Natasha
  2911 | D:3      | Reached XP level 6. HP: 29/34 MP: 10/10
  3012 | D:3      | You fall into a shaft and drop 2 floors!
  3012 | D:5      | Entered Level 5 of the Dungeon
  3023 | D:4      | Noticed Pikel
  3112 | D:5      | Reached skill level 1 in Ice Magic
  3535 | D:4      | Killed Pikel
  3536 | D:4      | Reached skill level 6 in Stealth
  3536 | D:4      | Reached XP level 7. HP: 14/40 MP: 3/12
  3550 | D:5      | Reached XP level 8. HP: 15/44 MP: 5/14
  4256 | D:4      | Noticed Edmund
  4265 | D:4      | Killed Edmund
  4266 | D:4      | Reached skill level 5 in Short Blades
  4868 | D:4      | Reached skill level 7 in Stealth
  4868 | D:4      | Reached skill level 5 in Hexes
  5320 | D:4      | Got Eptoot's Guide on Combat Magic and Transformation
  5359 | D:4      | Reached XP level 9. HP: 50/50 MP: 16/16
  5609 | D:5      | Reached skill level 5 in Spellcasting
  6065 | D:5      | Reached skill level 5 in Dodging
  6246 | D:5      | Reached skill level 8 in Stealth
  6459 | D:6      | Noticed Blork the orc
  6467 | D:6      | Killed Blork the orc
  6864 | D:6      | Found a glowing drain.
  6868 | Sewer    | Entered a sewer
  8237 | D:6      | Reached XP level 10. HP: 56/56 MP: 18/18
  8321 | D:6      | Found a sparkling altar of Nemelex Xobeh.
  8394 | D:6      | Reached skill level 9 in Stealth
  8402 | D:6      | Noticed a kobold demonologist
  8404 | D:6      | Killed a kobold demonologist
  8927 | D:6      | Found a runed translucent door.
  8930 | D:6      | Noticed Crazy Yiuf
  8934 | D:6      | Killed Crazy Yiuf
  9051 | D:7      | Noticed Menkaure
  9056 | D:7      | Killed Menkaure
  9185 | D:7      | Found a staircase to the Ecumenical Temple.
  9213 | Temple   | Entered the Ecumenical Temple
  9386 | Temple   | Became a worshipper of Dithmenos the Shadowed
 10031 | D:8      | Found a flagged portal.
 10048 | Bailey   | Entered a bailey
 10253 | Bailey   | Reached * piety under Dithmenos
 10291 | Bailey   | Noticed a gargoyle
 10295 | Bailey   | Killed a gargoyle
 10296 | Bailey   | Reached skill level 10 in Stealth
 10694 | Bailey   | Got the Disquisition on Dislocated Enchantment
 10702 | Bailey   | Learned a level 3 spell: Tukima's Dance
 11042 | D:8      | Reached ** piety under Dithmenos
 11201 | D:8      | Reached XP level 11. HP: 43/62 MP: 21/21
 11241 | D:8      | Reached skill level 5 in Fighting
 11453 | D:8      | Found a staircase to the Lair.
 12287 | D:9      | Noticed a two-headed ogre
 12291 | D:9      | Killed a two-headed ogre
 12374 | D:9      | Reached skill level 11 in Stealth
 12445 | D:9      | Found a staircase to the Orcish Mines.
 12516 | D:9      | Reached *** piety under Dithmenos
 12569 | D:9      | Found the +3 woodcutter's axe {vorpal}
 12707 | D:9      | Noticed a two-headed ogre
 12711 | D:9      | Killed a two-headed ogre
 12712 | D:9      | Reached skill level 1 in Invocations
 12712 | D:9      | Reached skill level 1 in Evocations
 13107 | D:9      | Reached skill level 5 in Ice Magic
 13175 | D:9      | Found Inaenk's Jewellery Shoppe.
 13608 | D:10     | Entered Level 10 of the Dungeon
 13625 | D:10     | Reached skill level 10 in Short Blades
 13830 | D:10     | Noticed a two-headed ogre
 13834 | D:10     | Killed a two-headed ogre
 13835 | D:10     | Reached XP level 12. HP: 68/68 MP: 24/24
 14198 | D:11     | Found Otiturgh's Antique Weapon Boutique.
 14318 | D:11     | Reached **** piety under Dithmenos
 14817 | D:11     | Noticed a two-headed ogre
 14821 | D:11     | Killed a two-headed ogre
 14822 | D:11     | Reached skill level 12 in Stealth
 14982 | D:11     | Noticed a two-headed ogre
 14986 | D:11     | Killed a two-headed ogre
 15569 | D:11     | Learned a level 1 spell: Apportation
 15720 | D:12     | Found a broken altar of Ashenzari.
 15768 | D:12     | Noticed Amaemon
 15773 | D:12     | Killed Amaemon
 15809 | D:12     | Found Fausmoyf's Antique Armour Shop.
 15815 | D:12     | Bought a glowing buckler for 150 gold pieces
 16055 | D:12     | Noticed a boulder beetle
 16078 | D:12     | Slain by a boulder beetle

Illustrated notes

Levels and vault maps discovered:
D:1:      onia_arrival_pyramid, layout_loops_ring, basic_ecumenical_altar,
          roderic_serpentine_path, nrook_uturn
D:2:      minmay_evil_eye, layout_loops_cross, kennysheep_doodads, uniq_robin
D:3:      layout_loops_cross, kennysheep_flooded_box, uniq_terence, uniq_natasha
D:4:      minmay_angry_zag, layout_cave_pods, grunt_ministairs_6, uniq_pikel,
          uniq_edmund
D:5:      layout_cave_pods, minmay_diced_spiral
D:6:      hangedman_cross_stitches, layout_basic, nemelex_spade_bored_becter,
          gup_sewer_entry_spiral, minmay_mini_ossuary, uniq_blork_the_orc,
          uniq_crazy_yiuf_cottage
D:7:      layout_cave_pools, temple_fountains, uniq_menkaure
D:8:      layout_basic, david_lair_shrubbed, serial_rivers,
          chequers_serial_rivers_small_3, chequers_serial_rivers_large_a,
          chequers_serial_rivers_small_b, chequers_serial_rivers_marsh,
          chequers_serial_rivers_micro_d, chequers_serial_rivers_small_b,
          enter_bailey_5
D:9:      layout_stronghold, erik_orc_3, serial_shops, nicolae_stop_n_shop_1,
          chequers_serial_rivers_micro_c, grunt_ministairs_15
D:10:     layout_basic
D:11:     layout_layer_cave, serial_shops, shop_fountains, minmay_hedge_maze,
          minmay_misc_feat_five, bh_circular_ruins
D:12:     layout_roguey, serial_shops, shop, cheibrodos_ashenzari_chains,
          uniq_amaemon, uniq_psyche
Temple:   compressed_dpeg_circular_temple

Skill      XL: |  1  2  3  4  5  6  7  8  9 10 11 12 |
---------------+-------------------------------------+-----
Short Blades   | 2 3 4 6 7 8 10 11 | 11.1
Dodging        | 3 4 5 6 7 8 |  8.0
Fighting       | 1 2 3 4 5 6 |  6.2
Spellcasting   | 3 4 5 7 8 |  8.8
Stealth        | 5 6 7 8 10 11 12 | 12.5
Ice Magic      | 1 2 3 4 5 |  5.7
Hexes          | 4 5 6 7 8 9 |  9.1
Invocations    | 1 3 |  3.1
Evocations     | 1 3 |  3.5

Action                   |  1- 3 |  4- 6 |  7- 9 | 10-12 || total
-------------------------+-------+-------+-------+-------++-------
Melee: Dagger            |    36 |       |       |       ||    36
       Short sword       |     4 |   106 |   279 |   659 ||  1048
       Punch             |       |     2 |     3 |     9 ||    14
 Cast: Ensorcelled Hiber |     6 |    30 |    32 |    71 ||   139
       Apportation       |       |       |       |     1 ||     1
  Use: Scroll            |     5 |     1 |     3 |     3 ||    12
       Potion            |     1 |     1 |       |     2 ||     4
 Stab: Sleeping          |    13 |    24 |    57 |    90 ||   184
       Distracted        |       |     2 |     1 |     1 ||     4
       Invisible         |       |     1 |       |     1 ||     2
Armor: Robe              |     2 |    21 |     8 |       ||    31
       Skin              |     1 |       |       |       ||     1
       Steam dragon scal |       |       |    49 |    91 ||   140
Dodge: Dodged            |    28 |    72 |   217 |   504 ||   821
Block: Buckler           |       |       |       |     6 ||     6

Table legend: (Time is in decaauts)
 A = Elapsed time spent in this place.
 B = Non-inter-level travel time spent in this place.
 C = Inter-level travel time spent in this place.
 D = Time resting spent in this place.
 E = Time spent auto-exploring this place.
 F = Levels seen in this place.
 G = Mean time per level.
                   A        B        C        D        E       F      G
               +--------+--------+--------+--------+--------+-----+--------+
         Total |  16022 |  15503 |    519 |   1881 |  10760 |  15 | 1068.1 |
       Dungeon |  14231 |  13712 |    519 |   1590 |   9786 |  12 | 1185.9 |
        Temple |    182 |    182 |      0 |      0 |    123 |   1 |  182.0 |
         Sewer |    777 |    777 |      0 |      0 |    586 |   1 |  777.0 |
        Bailey |    830 |    830 |      0 |    291 |    265 |   1 |  830.0 |
               +--------+--------+--------+--------+--------+-----+--------+

Top non-repeatable levels by time:
     D:6: 2153 daAuts
     D:5: 1663 daAuts
     D:4: 1549 daAuts
    D:11: 1428 daAuts
     D:8: 1339 daAuts
     D:9: 1315 daAuts
     D:1: 1213 daAuts
     D:2: 1168 daAuts
     D:3: 847 daAuts
  Bailey: 830 daAuts
   Sewer: 777 daAuts
     D:7: 569 daAuts
    D:10: 542 daAuts
    D:12: 441 daAuts
  Temple: 182 daAuts
